Cogmind - Beta 16 @@@ ROGUE MODE // 2025.12.03 @ 08:41:12 Player: Zonalar Result: Destroyed by S-10 Pest with Light Assault Rifle Performance ------------- Evolutions (0) 0 Regions Visited (3) 600 Robots Destroyed (30) 150 Value Destroyed (487) 487 Prototype IDs (0) 0 Alien Tech Used (0) 0 Bonus (0) 0 TOTAL SCORE: 1237 Bonus ------- None Cogmind --------- Core Integrity 0/250 Matter 280/300 Energy 113/125 System Corruption 2% Temperature Cool (0) Movement Walking (190) Ox1 Location -10/Subcaves Parts ------- > --- POWER (1) -------- Light Ion Engine > --- PROPULSION (2) --- Carbon-fiber Leg > --- UTILITY (2) ------ Improved Heat Sink Medium Storage Unit > --- WEAPON (2) ------- Subdweller Beam Cannon Subdweller Machine Gun > --- INVENTORY (10) --- Subdweller Power Source Aluminum Leg Structural Scanner Subdweller Optics Seismic Detector Hacking Suite Subdweller Laser Subdweller Machine Gun Battle Cannon Datajack Peak State ------------ > --- POWER ------------ Light Ion Engine > --- PROPULSION ------- Aluminum Leg Carbon-fiber Leg > --- UTILITY ---------- Improved Heat Sink Medium Storage Unit > --- WEAPON ----------- Subdweller Beam Cannon Subdweller Machine Gun > --- INVENTORY -------- Subdweller Power Source Aluminum Leg Structural Scanner Subdweller Optics Seismic Detector Hacking Suite Spread Laser Spread Laser Subdweller Laser Datajack [Rating: 14] Favorites ----------- Power Light Ion Engine Engine Light Ion Engine Power Core Light Nuclear Core Propulsion Aluminum Leg Leg Aluminum Leg Wheel Compact Wheel Utility Structural Scanner Device Structural Scanner Storage High-capacity Storage Unit Weapon Heavy EM Pulse Gun Energy Gun Heavy EM Pulse Gun Energy Cannon Subdweller Beam Cannon Ballistic Gun Assault Rifle Ballistic Cannon Battle Cannon Special Weapon Mining Laser Special Melee Weapon Datajack Build | -11 -10 -10 -10 ------- Run | Yrd Mat Min Sub Slots Evolved . | . . . . Power . | . . . . Propulsion . | . . . . Utility . | . . . . Weapon . | . . . . Parts Attached 37 | 7 19 4 7 Power 3 | 1 1 1 . Engine 2 | 1 . 1 . Core 1 | . 1 . . Reactor . | . . . . Propulsion 10 | 2 5 3 . Treads . | . . . . Leg 8 | . 5 3 . Wheel 2 | 2 . . . Hover . | . . . . Flight . | . . . . Utility 10 | 2 5 . 3 Device 6 | 1 3 . 2 Storage 4 | 1 2 . 1 Processor . | . . . . Hackware . | . . . . Protection . | . . . . Artifact . | . . . . Weapon 14 | 2 8 . 4 Energy Gun 5 | . 4 . 1 Energy Cannon 2 | . 1 . 1 Ballistic Gun 4 | 2 1 . 1 Ballistic Cannon 1 | . . . 1 Launcher . | . . . . Special Weapon 1 | . 1 . . Impact Weapon . | . . . . Slashing Weapon . | . . . . Piercing Weapon . | . . . . Special Melee Weapon 1 | . 1 . . Unidentified Prototypes . | . . . . Parts Lost 5 | . 1 . 4 Power 2 | . 1 . 1 Propulsion 1 | . . . 1 Utility 1 | . . . 1 Weapon 1 | . . . 1 Highest Loss Streak 3 | . 1 . 3 To Critical Strikes . | . . . . Average Backups 11 | 3 11 15 9 Power . | . . . . Propulsion 1 | 1 1 1 . Utility 5 | . 5 7 4 Weapon 3 | 1 3 4 2 Tool/Special . | . . . . Unused Backups 14 | . 6 4 4 Power 3 | . 1 1 1 Propulsion . | . . . . Utility 6 | . 2 2 2 Weapon 5 | . 3 1 1 Tool/Special . | . . . . Average Slot Usage (%) 98 | . 98 100 97 Engine 8 | . 4 14 14 Core 4 | . 8 . . Leg 26 | . 24 28 27 Wheel 1 | . 3 . . Device 13 | . 13 14 11 Storage 14 | . 14 14 14 Energy Gun 17 | . 16 25 13 Energy Cannon 1 | . 1 . 4 Ballistic Gun 3 | . 5 . 2 Ballistic Cannon 1 | . . . 4 Special Weapon 1 | . 3 1 . Special Melee Weapon 1 | . . 1 2 Peak Build Rating 14 | 9 13 13 14 Average Rating 11 | 4 10 11 12 On Entrance 7 | . 9 10 12 Avg Prop Armor Cover (%) . | . . . . Naked Turns . | . . . . Heaviest Build 209 | 12 52 50 209 Greatest Support 32 | 32 32 25 25 Greatest Overweight (x) 8 | . 2 2 8 Average Overweight (x) . | . . 1 . Largest Inventory Capacity 35 | 8 20 20 35 Average Capacity 15 | 7 15 18 14 Most Carried 18 | 6 16 18 10 Average Carried 11 | 3 11 15 9 Final Capacity 20 | 8 20 10 10 Final Carried 16 | 6 16 10 10 Class Distribution -------------------- 70% | Mutant 24% | Scavenger-Mutant 5% | Hauler-Mutant Dominant Class ---------------- Mutant | -10/Materials Mutant | -10/Mines Scavenger-Mutant | -10/Subcaves Resources | -11 -10 -10 -10 ----------- Run | Yrd Mat Min Sub Matter Collected 1124 | 298 364 212 250 Remotely . | . . . . Salvage Created 839 | 149 403 102 185 Parts 67 | 10 26 18 13 Haulers Intercepted 1 | . 1 . . Recyclers Shooed 1 | 1 . . . Parts Field Recycled . | . . . . Retrieved Matter . | . . . . Parts Self-Destructed 10 | . . . 10 Prevented . | . . . . Parts Restored . | . . . . Kills | -11 -10 -10 -10 ------- Run | Yrd Mat Min Sub Combat Hostiles Destroyed 20 | . 6 8 6 Guns 15 | . 6 8 1 Cannons 4 | . . . 4 Classes Destroyed 11 | 2 7 . 2 Worker 2 | . 1 1 . Builder 1 | . 1 . . Tunneler 2 | 2 . . . Hauler 1 | . 1 . . Recycler 2 | 1 1 . . Operator 1 | . 1 . . Watcher 1 | . 1 . . Swarmer 13 | . 3 8 2 Grunt 3 | . 3 . . Sentry 1 | . . . 1 Subdweller 3 | . . . 3 Best Kill Streak 4 | 2 4 4 2 Combat Bots Only 3 | . 3 3 2 Max Kills in Single Turn 2 | 1 2 2 1 Gunslinging 1 | . 1 . . Exploded . | . . . . Melee . | . . . . Uniques/NPCs Destroyed . | . . . . Combat | -11 -10 -10 -10 -------- Run | Yrd Mat Min Sub Hostile Shots Fired 95 | . 30 32 33 Missed 21 | . 9 7 5 Hits 74 | . 21 25 28 Projectile 74 | . 21 25 28 AOE 2 | . . . 2 Critical Strikes 1 | . . 1 . Damage Taken 915 | . 275 197 443 Core 256 | . 31 33 192 Absorbed by Shields . | . . . . Core Remaining (%) 100 | 100 . . . Volleys Fired 62 | 7 25 11 19 Largest 2 | 2 2 2 2 Hottest 130 | 40 100 130 113 Shots Fired 116 | 14 44 22 36 Gun 82 | 14 38 22 8 Cannon 28 | . . . 28 Launcher . | . . . . Special 6 | . 6 . . Kinetic 48 | 14 18 . 16 Thermal 48 | . 6 22 20 Explosive . | . . . . Electromagnetic 20 | . 20 . . Robot Hit Streak 11 | 5 6 11 8 Robot Miss Streak 6 | 2 4 5 6 Penetration Max . | . . . . Secondary Targets 2 | . 1 1 . Max Gunslinging Chain 1 | . 1 1 . Shots Hit Robots 72 | 9 24 20 19 Core Hits 46 | 4 16 20 6 Critical Kills 1 | . . . 1 Critical Parts Destroyed 1 | 1 . . . Critical Strikes 2 | 1 . . 1 Meltdown 1 | . . . 1 Destroy 1 | 1 . . . Melee Attacks 7 | . 3 2 2 Impact . | . . . . Slashing . | . . . . Piercing . | . . . . Sneak Attacks 6 | . 3 2 1 Combat Hostiles . | . . . . Follow-up Attacks . | . . . . Damage Inflicted 1202 | 92 524 184 402 Guns 681 | 92 348 184 57 Cannons 345 | . . . 345 Explosions 163 | . 163 . . Melee . | . . . . Ramming 13 | . 13 . . Kinetic 390 | 92 124 . 174 Thermal 575 | . 163 184 228 Explosive . | . . . . Electromagnetic 224 | . 224 . . Impact . | . . . . Slashing . | . . . . Piercing . | . . . . Highest Corruption 2 | . 2 2 2 Average Corruption 2 | . 2 2 2 Corruption Purged . | . . . . Corruption Blocked . | . . . . Effects 39 | . 21 6 12 Message Errors 11 | . 7 2 2 Matter Fused 8 | . 5 1 2 Heat Flow Errors 5 | . 3 . 2 Energy Discharges 4 | . 2 1 1 Data Loss (minor) 6 | . 4 . 2 Data Loss (major) 1 | . . 1 . Misfires 1 | . . . 1 Alerts 3 | . . 1 2 Overload Shots . | . . . . Overflow Damage . | . . . . Projectiles . | . . . . Explosions . | . . . . Melee . | . . . . Knockbacks 1 | . . . 1 Impact . | . . . . Kinetic 1 | . . . 1 Secondary . | . . . . Self-Inflicted Damage 43 | . 43 . . Shots 1 | . 1 . . Rammed 1 | . 1 . . Targets Rammed 1 | . 1 . . Kicked . | . . . . Crushed . | . . . . Highest Temperature 345 | . 276 345 97 Average Temperature 84 | . 53 141 30 Received Heat Transfer 75 | . 42 . 33 Siege Activations . | . . . . Martial Activations . | . . . . Shielding Activations . | . . . . Robots Disrupted . | . . . . Combat Hostiles . | . . . . Robots Corrupted . | . . . . Combat Hostiles . | . . . . Parts Fried 3 | . 3 . . Impact Corruptions . | . . . . Robots Melted 1 | . . . 1 Combat Hostiles 1 | . . . 1 Parts Melted 1 | . . . 1 Heat Transferred 786 | . 250 230 306 Parts Sabotaged . | . . . . Parts Stolen . | . . . . Parts Stripped . | . . . . Power Chain Reactions 2 | . 2 . . Alert | -11 -10 -10 -10 ------- Run | Yrd Mat Min Sub Maximum Alert Level . | . . . . Low Security (%) 100 | 100 100 100 . Level 1 . | . . . . Level 2 . | . . . . Level 3 . | . . . . Level 4 . | . . . . Level 5 . | . . . . High Security . | . . . . Max Security . | . . . . Peak Influence 104 | 5 75 104 . Initial 3 | . 3 . . Average 13 | . 11 21 . Influence Increases 563 | 15 248 195 105 Destroy 0b10 Robot/C 340 | . 120 160 60 Destroy 0b10 Robot/NC 50 | 15 30 5 . Destroy Leader 64 | . 34 30 . Successful Hack 32 | . 32 . . Disable Machine 15 | . 15 . . Destroy Structure 17 | . 17 . . Lose Combat Pursuer 45 | . . . 45 Influence Decreases 494 | 10 253 123 108 Entered New Map 40 | . 2 . 38 Time Decay 429 | 10 250 123 46 Lost Part 25 | . 1 . 24 Squads Dispatched 1 | . 1 . . Investigation . | . . . . Extermination . | . . . . Reinforcement 1 | . 1 . . Assault . | . . . . Garrison . | . . . . Intercept . | . . . . Searches Triggered . | . . . . Construction Impeded . | . . . . Haulers Reinforced . | . . . . Active Scanning Responses . | . . . . Cargo Convoy Interrupts . | . . . . Stealth | -11 -10 -10 -10 --------- Run | Yrd Mat Min Sub Distress Signals . | . . . . Communications Jammed . | . . . . Distress Signals . | . . . . Times Spotted 25 | . 8 8 9 Peak Tracking Total 5 | . 3 3 5 Tactical Retreats 1 | . . . 1 Traps | -11 -10 -10 -10 ------- Run | Yrd Mat Min Sub Traps Triggered 3 | . 3 . . Indirectly . | . . . . Trap Hack Attempts . | . . . . Triggered . | . . . . Disarmed . | . . . . Reprogrammed . | . . . . Reused . | . . . . Traps Extracted . | . . . . Installed . | . . . . Triggered . | . . . . Machines | -11 -10 -10 -10 ---------- Run | Yrd Mat Min Sub Machines Disabled 1 | . 1 . . Max in Single Turn 1 | . 1 . . Machines Repaired . | . . . . Machines Dismantled . | . . . . Machines Sabotaged . | . . . . Overloaded Fab Kills . | . . . . Hacking | -11 -10 -10 -10 --------- Run | Yrd Mat Min Sub Machines Accessed 6 | . 6 . . Terminals 5 | . 5 . . Fabricators . | . . . . Repair Stations 1 | . 1 . . Recycling Units . | . . . . Scanalyzers . | . . . . Garrison Access . | . . . . Total Hacks 16 | . 16 . . Successful 7 | . 7 . . Failed 9 | . 9 . . Catastrophic . | . . . . Database Lockouts . | . . . . Manual 12 | . 12 . . Terminals 15 | . 15 . . Fabricators . | . . . . Repair Stations 1 | . 1 . . Recycling Units . | . . . . Scanalyzers . | . . . . Garrison Access . | . . . . Terminal Hacks 1 | . 1 . . Robot Analysis 1 | . 1 . . Fabricator Hacks . | . . . . Repair Station Hacks . | . . . . Recycling Unit Hacks . | . . . . Scanalyzer . | . . . . Garrison Access Hacks . | . . . . Unauthorized Hacks 6 | . 6 . . Terminals 6 | . 6 . . Operators 1 | . 1 . . Skim 5 | . 5 . . Fabricators . | . . . . Repair Stations . | . . . . Recycling Units . | . . . . Scanalyzers . | . . . . Garrison Access . | . . . . Data Cores Recovered . | . . . . Used . | . . . . Hacking Detections 6 | . 6 . . Full Trace Events . | . . . . Feedback Events . | . . . . Feedback Blocked . | . . . . Robot Schematics Acquired . | . . . . Robots Built . | . . . . Authchips . | . . . . Time . | . . . . Total Robot Build Rating . | . . . . Part Schematics Acquired . | . . . . Parts Built . | . . . . Authchips . | . . . . Time . | . . . . Total Part Build Rating . | . . . . Part Studies Acquired . | . . . . Parts Repaired . | . . . . Time . | . . . . Parts Recycled . | . . . . Recycled Matter . | . . . . Retrieved Matter . | . . . . Retrieved Components . | . . . . Parts Scanalyzed . | . . . . Part Schematics Acquired . | . . . . Parts Damaged . | . . . . Bothacking | -11 -10 -10 -10 ------------ Run | Yrd Mat Min Sub Used RIF Installer . | . . . . Robots Hacked 6 | . 2 2 2 Non-combat 4 | . 1 2 1 Combat 2 | . 1 . 1 Robot Hacks Applied 7 | . 3 2 2 parse_system 6 | . 2 2 2 no_distress 1 | . 1 . . Relay Couplers Released . | . . . . Fabnet Peak Effective % . | . . . . Robots Rewired . | . . . . Allies Hacked . | . . . . Hacks Repelled . | . . . . Allies | -11 -10 -10 -10 -------- Run | Yrd Mat Min Sub Total Allies . | . . . . Largest Group . | . . . . Highest-Rated Group . | . . . . Highest-Rated Ally . | . . . . Total Orders . | . . . . Ally Attacks . | . . . . Total Damage . | . . . . Kills . | . . . . Allies Corrupted . | . . . . Allies Melted . | . . . . Intel | -11 -10 -10 -10 ------- Run | Yrd Mat Min Sub Active Infowar (turns) 2693 | 23 1563 612 495 Optics 158 | . . . 158 Sensors 168 | . 168 . . Terrain 42 | 23 19 . . Structural 2013 | . 1117 612 284 Seismic 312 | . 259 . 53 Robot Analysis Total 1 | . 1 . . Derelict Logs Recovered 2 | . . 1 1 Drone Launches . | . . . . Drone Recoveries . | . . . . Exploration | -11 -10 -10 -10 ------------- Run | Yrd Mat Min Sub Turns Passed 3190 | 135 1591 612 852 Spaces Moved 1612 | 98 782 251 481 Core 10 | 10 . . . Treads . | . . . . Legs 1371 | . 639 251 481 Wheels 231 | 88 143 . . Hover . | . . . . Flight . | . . . . Fastest Speed 50 | 50 100 120 120 Average Speed 169 | 94 176 219 147 Slowest Speed 680 | 100 260 260 680 Overloaded Moves . | . . . . Propulsion Burnouts . | . . . . Robots Hopped 1 | . 1 . . Potential Cave-ins . | . . . . Cave-ins Triggered . | . . . . Exploration Rate (%) 50 | 6 98 62 36 Regions Visited 3 Branch Regions 2 Pre-discovered Areas . | . . . . Known Exits Taken 1 | . . 1 . Unknown Exits Taken 2 | 1 1 . . Scrap Searched 2 | . . . 2 Spaces Dug 6 | . 4 . 2 Terrain Destroyed 22 | . 18 . 4 Melee . | . . . . Projectile 9 | . 5 . 4 AOE 13 | . 13 . . Terrain Rammed . | . . . . Walls Destroyed . | . . . . Machines Disabled . | . . . . Actions | -11 -10 -10 -10 --------- Run | Yrd Mat Min Sub Total 1932 | 126 935 287 584 Wait 95 | 3 51 4 37 Move 1607 | 97 779 250 481 Hop 1 | . 1 . . Pick Up 59 | 12 26 5 16 Fast Attach 8 | 1 3 . 4 Attach 10 | 6 3 . 1 Detach . | . . . . Swap 49 | . 25 10 14 Drop 33 | . 18 5 10 Fire 62 | 7 25 11 19 Melee 7 | . 3 2 2 Ram 1 | . 1 . . Kick . | . . . . Crush . | . . . . Escape Stasis . | . . . . Rewire . | . . . . Trap . | . . . . Miscellaneous . | . . . . Route ------- -11/Scrapyard -10/Materials (discovered 5 exits: *Mat x3 / [*Min] / *Sub) -10/Mines (discovered 3 exits: *Mat x2 / *Sub) -10/Subcaves (discovered 1 exit: *Rec) History --------- Turn | Location | Event 23 | -11/Scrapyard | Discovered new exit (range 15) 136 | -11/Scrapyard | Entered Materials 137 | -10/Materials | Met a group of wandering Federalists 209 | -10/Materials | Discovered new exit (range 16) 271 | -10/Materials | Discovered new exit (range 15) 308 | -10/Materials | Build established: Mutant 381 | -10/Materials | Discovered new exit (range 7) 464 | -10/Materials | Discovered new exit (range 8) 914 | -10/Materials | Learned location of 1 exit from Recycling 980 | -10/Materials | Learned location of 2 exits from Mines 1169 | -10/Materials | Learned location of 2 exits from Mines 1299 | -10/Materials | Learned location of 2 exits from Mines 1311 | -10/Materials | Discovered new exit (range 11) 1727 | -10/Materials | Entered Mines 1728 | -10/Mines | Identified exit to Materials 1729 | -10/Mines | Identified exit to Subcaves 1738 | -10/Mines | Met a Derelict bent on vengeance 2146 | -10/Mines | Learned Materials emergency access door positions 2339 | -10/Mines | Entered Subcaves 2340 | -10/Subcaves | Identified exit to Recycling 2372 | -10/Subcaves | Learned Materials terminal intel 2422 | -10/Subcaves | Lost 3 parts (1p1u1w) 2713 | -10/Subcaves | Core integrity fell below 50% 2857 | -10/Subcaves | Build established: Scavenger-Mutant 2882 | -10/Subcaves | Shifting Twisted Machinery released Sub. Laser 2884 | -10/Subcaves | Shifting Twisted Machinery released Sub. Machine Gun 2998 | -10/Subcaves | Core integrity fell below 20% 3191 | -10/Subcaves | Destroyed by S-10 Pest with Light Assault Rifle Last Messages --------------- 03041_ Acquired 46 matter. 03042_ Acquired 6 matter. 03048_ R X7WPT5U&TCTG0%ZSWPE0NWCK0 9T<&AYUT 03066_ TR-GU7(u) builds Twisted Machinery. 03067_ Z&LNMS YQHDADJGIETVBIUKZL95GB 03070_ Extracted 4 energy. 03118_ Dropped Sub. Beam Cannon. 03119_ Acquired Sub. Machine Gun. 03145_ Dropped Sub. Machine Gun. 03150_ Acquired Sub. Beam Cannon. 03151_ Subatomizers dissect the Sub. Machine Gun. 03152_ Dropped Spread Laser. 03157_ Acquired Sub. Machine Gun. 03160_ Acquired Battle Cannon. 03169_ System corrupted: Matter fused (-6). 03175_ Acquired 11 matter. 03181_ S-10 Pest destroyed. 03186_ Aluminum Leg destroyed. 03187_ Destroyed Flight Unit. 03190_ S-10 Pest destroyed. Map ----- +----------------------------------------------------+ | ##??### &#### # # #####?????????????????????????? | | ?????## %& ###?????????????????????????? | | ?????## !& % %##?????????????????????????? | | ?????### ## ##?????????????????????????? | | ?????#### ### ###?????????????????????????? | | ??????##### ### ? ###?????????????????????????? | | ???????#### ##??? ##?????????????????????????? | | ###??????### ##????###?????????????????????????? | | ####?????### ###????###?????????????????????????? | | ###?????## ###????????????????????????????????? | | ###???### ##??? ????????????????????????????? | | ###??### # ##?? ?????????????????????????? | | ##?### # ## ?? ?????#????????????????????? | | # ##### # ###?? # ??????%"???????????????????? | | # #### # ##?? ##???? %???????????????????? | | ### # #### #???? % ??????????????????? | | ## # ### #???? ??????????????????? | | ### ### ????? ??????????????????? | | ### #### ?????? ??????????????????? | | # ## #### ???????" "???????????????????? | | ## ### % ##???????" "???????????????????? | | ### ## ##??##???#>###?????????????????? | | ##### ### ###?## ##?##"# #?????????????????? | | ?#### ### ##### #?#"% ##?????????????????? | | ?#### ## ### #### s #??###???????????## | | #### ## #@%% ##?##"#???????????# | | ### % ## % ####""##??????????#% | | ## &% ## " ####?##????# | | ## !=% % ### "" #?# ##?## | | ### % ##### #;# ; %"""##?#"%### | | #### #####?#%%##### """""#??#" ## # | | ?#### #### ### "#??# ""# ##??##" # | | ??### ## ## % ##??# #?#????## # | | ???##% ## ## % %% #???# [#???????# # | | ??? ### ## # ###### #??##""[##????### ## | | ?## #### #######??####?##"""" ###?## "" #? | | ?## ###### #####??????????# """"" ### " #? | | ?## ###?########?????????????# """" ##? | | ?## ##???######?????????????## " "" #?# | | ?# ??????????????????????????# " ### | | ? ??????????????????????????# ## #### | | ? ??????????????????????????## ####??# | | ???????????????????????????## #### #????# | | ????????????????????????????# ##??###????## ? | | ????????????????????????????##????????????#?? | | ???????????????????????????????????????????????? | | ????????????????????????????????????????????#????? | | ???????????????????????????????????????????? #???? | | ???????????????????????????????????????????? ???? | | ???????????????????????????????????????????? ???? | +----------------------------------------------------+ Best States ------------- Heat Dissipation 39 Energy Generation 14 Energy Capacity 160 Matter Stores 300 Matter Capacity 300 Sight Range 21 Robot Scan Range 14 Terrain Scan Range 16 Terrain Scan Density 10 Evasion (%) 55 Item Schematics ----------------- None Robot Schematics ------------------ None Fabricated ------------ Nothing Repaired ---------- Nothing Studied --------- None Alien Tech Used ----------------- None Achievements -------------- Hack The Planet Tank Challenges ------------ None Game ------ Seed ProtonMeleeDeck Manual? 0 Play Time 00:42:46 Cumulative 49.9 hours Start 2025.12.03 @ 07:54:47 End 2025.12.03 @ 08:41:12 Sessions 1 Manual Loads 0 Difficulty Rogue Special Mode None Game No. 24 Rogue 24 Adventurer 0 Explorer 0 Win Type - Total 0 Types 0/0/0/0/0/0/0/0/0/0 Lore% 11 Gallery% 28 Achievement% 20 Wizard Run 0 Options --------- Layout 0 ASCII 0 Keyboard 0 Movement Mouse Keybinds 1 Fullscreen 2 Font 24/Smallcaps Map View 76x50 Zoom Use 0% Tactical HUD 1 Map Filters NONE Filters NONE Steam 1 RUN: 2584a041-2594-4278-b665-ba9748df3c43